 Dungeon Crawl Stone Soup version 0.32-a0-558-g233958a4c4 (webtiles) character file.

Game seed: 4914771422585418023

541 mopl the Slasher (level 7, -1/50 HPs)
             Began as a Formicid Warper on Feb 29, 2024.
             Slain by a water moccasin (8 damage)
             ... on level 5 of the Dungeon.
             The game lasted 00:06:10 (4518 turns).

mopl the Slasher (Formicid Warper)                  Turns: 4518, Time: 00:06:10

Health: -1/50      AC:  3    Str: 15    XL:     7   Next: 52%
Magic:  12/12      EV: 11    Int: 21    God:
Gold:   333        SH:  0    Dex: 13    Spells: 7/13 levels left

rFire   . . .        s - +2 hand axe (elec)
rCold   . . .        (no shield)
rNeg    . . .        z - +0 leather armour
rPois   .            (helmet unavailable)
rElec   .            (no cloak)
rCorr   +            (no gloves)
SInv    +            (no boots)
Will    .....        (no amulet) Stlth
                     q - ring of Zeuthu {rCorr Int+6 Stlth-}
HPRegen 0.28/turn    (no ring)
MPRegen 0.13/turn

%: no passive effects
@: no status effects
A: permanent stasis, dig shafts and tunnels, antennae 3, four strong arms
a: Dig, Shaft Self


You were on level 5 of the Dungeon.
You visited 1 branch of the dungeon, and saw 5 of its levels.

You collected 333 gold pieces.

Inventory:

Hand Weapons
 a - a +0 falchion
 b - a +1 dagger of venom
 s - a +2 hand axe of electrocution (weapon)
Missiles
 c - 7 darts of dispersal
 h - 7 javelins
 r - 7 poisoned darts (quivered)
 A - 5 datura-tipped darts
Armour
 l - a +0 ring mail
 t - a +0 ring mail
 w - a +0 chain mail
 z - a +0 leather armour (worn)
Jewellery
 k - an amulet of guardian spirit
 q - the ring of Zeuthu (left hand) {rCorr Int+6 Stlth-}
   (You found it on level 2 of the Dungeon)

   [ring of resist corrosion]

   Int+6:     It affects your intelligence (+6).
   rCorr:     It protects you from acid and corrosion.
   Stlth-:    It makes you less stealthy.
Scrolls
 e - a scroll of vulnerability {unknown}
 f - a scroll of noise {unknown}
 g - 3 scrolls of revelation {unknown}
 j - a scroll of brand weapon {unknown}
 m - a scroll of enchant armour {unknown}
 n - 2 scrolls of immolation {unknown}
 v - a scroll of fear {unknown}
 x - a scroll of blinking {unknown}
 y - a scroll of identify
Potions
 d - 2 potions of ambrosia
 i - 2 potions of resistance
 o - 2 potions of curing
 p - a potion of attraction
 u - a potion of invisibility


   Skills:
 - Level 2.1 Fighting
 * Level 5.1 Long Blades
 - Level 1.0 Throwing
 - Level 1.1 Armour
 - Level 1.7 Dodging
 + Level 3.9 Spellcasting
 * Level 5.0 Translocations


You had 7 spell levels left.
You knew the following spells:

 Your Spells              Type           Power      Damage    Failure   Level
a - Manifold Assault      Tloc           25%        N/A       19%         4
b - Lesser Beckoning      Tloc           50%        N/A       2%          2

Your spell library contained the following spells:

 Spells                   Type           Power      Damage    Failure   Level
 Gell's Gravitas          Tloc           25%        N/A       5%          3
 Teleport Other           Tloc           25%        N/A       5%          3
 Foxfire                  Conj/Fire      16%        2x1d4     16%         1
 Magic Dart               Conj           16%        1d3       16%         1
 Summon Small Mammal      Summ           16%        N/A       16%         1
 Ensorcelled Hibernation  Hex/Ice        8%         N/A       22%         2
 Scorch                   Fire           8%         2d5       22%         2
 Searing Ray              Conj           8%         2d4       22%         2
 Call Canine Familiar     Summ           4%         N/A       41%         3
 Fugue of the Fallen      Necr           4%         N/A       41%         3
 Inner Flame              Hex/Fire       4%         N/A       41%         3
 Ozocubu's Armour         Ice            4%         N/A       41%         3
 Summon Ice Beast         Ice/Summ       4%         N/A       41%         3
 Anguish                  Hex/Necr       2%         N/A       83%         4
 Fulminant Prism          Conj/Alch      2%         3d5       83%         4
 Summon Blazeheart Golem  Fire/Summ      4%         N/A       83%         4
 Dispersal                Tloc           12%        N/A       96%         6
 Fireball                 Conj/Fire      2%         3d4       99%         5
 Irradiate                Conj/Alch      2%         3d12      99%         5
 Summon Mana Viper        Hex/Summ       4%         N/A       99%         5
 Monstrous Menagerie      Summ           2%         N/A       100%        7
 Ignition                 Fire           2%         3d3       100%        8
 Blink                    Tloc           Unusable   N/A       N/A         2
 Vhi's Electric Charge    Tloc/Air       Unusable   N/A       N/A         4

Dungeon Overview and Level Annotations

Branches:
Dungeon (5/15)
 Temple: D:4-7

Altars:

Annotations:
D:2 1 runed translucent door, Crazy Yiuf
D:3 2 transporters


Innate Abilities, Weirdness & Mutations

You cannot be hasted, slowed, berserked, paralysed or teleported.
You can dig through walls and to a lower floor.
You have a pair of large antennae on your head. (SInv)
Your four strong arms can wield two-handed weapons with a shield.


Message History

The water moccasin closely misses you. x2
You barely miss the water moccasin.
The water moccasin is moderately wounded.
You feel very sick. The water moccasin bites you.
You are lethally poisoned!
The water moccasin poisons you!
You slash the water moccasin!
The water moccasin is heavily wounded.
* * * LOW HITPOINT WARNING * * *
You feel extremely sick. The water moccasin bites you.
* * * LOW HITPOINT WARNING * * *
The water moccasin bites you.
* * * LOW HITPOINT WARNING * * *
You are more poisoned.
The water moccasin poisons you!
You feel better. The water moccasin barely misses you.
The water moccasin closely misses you.
You aren't carrying any items that you can evoke.
Unknown command.
You closely miss the water moccasin.
The water moccasin is heavily wounded.
The water moccasin bites you but does no damage.
You slash the water moccasin!
The water moccasin is severely wounded.
The water moccasin barely misses you. x2
You hit the water moccasin.
The water moccasin is almost dead.
The water moccasin misses you. The water moccasin bites you!
* * * LOW HITPOINT WARNING * * *
You barely miss the water moccasin.
The water moccasin is almost dead.
The water moccasin bites you.
* * * LOW HITPOINT WARNING * * *
The water moccasin barely misses you.
You barely miss the water moccasin.
The water moccasin is almost dead.
The water moccasin bites you!
You die...

#.#.......<.......# #
#.#..##########.#.###
#.#.)#<.......#.#..##
#.#..########.#.##.##
#.#...........#.##..#
#.##.##########.###..
#..........# #.# ##.
####.#####.# #.# #.
#. #@# #.# #.
##...#####S# #.# ##
#..ß.......# #.# #
.........##....... #
.....ß...# ....... #
..>......# .......
.....ß..## .......
.......## #######
#..ß..#


You could see a water moccasin.

Vanquished Creatures
  Sigmund (D:3)
  A phantom (D:2)
  A bombardier beetle (D:3)
  A hound (D:4)
  An iguana (D:4)
  Robin (D:4)
  8 adders
  3 dart slugs
  3 ribbon worms
  10 orcs
  6 endoplasms
  8 giant cockroaches
  14 goblins
  10 hobgoblins
  3 jackals
  10 kobolds
  2 quokkas
  7 ball pythons
  5 bats
  5 frilled lizards
  10 rats
110 creatures vanquished.

Notes
Turn   | Place    | Note
-------+----------+-------------------------------------------
     0 | D:1      | mopl the Formicid Warper began the quest for the Orb.
     0 | D:1      | Reached XP level 1. HP: 16/16 MP: 3/3
   129 | D:1      | Reached XP level 2. HP: 12/22 MP: 5/5
   138 | D:1      | Learned a level 2 spell: Lesser Beckoning
   278 | D:1      | Reached skill level 3 in Translocations
   387 | D:1      | Reached XP level 3. HP: 21/27 MP: 6/6
   440 | D:1      | Got the Writings on the Spicy Wyrd
   954 | D:2      | Noticed a phantom
   963 | D:2      | Killed a phantom
   964 | D:2      | Reached skill level 3 in Long Blades
   964 | D:2      | Reached skill level 3 in Spellcasting
   964 | D:2      | Reached XP level 4. HP: 15/33 MP: 6/8
   964 | D:2      | Reached XP level 5. HP: 18/38 MP: 6/9
  1045 | D:2      | Learned a level 4 spell: Manifold Assault
  1747 | D:2      | Identified the ring of Zeuthu {rCorr Int+6 Stlth-}
  2184 | D:2      | Found a runed translucent door.
  2185 | D:2      | Noticed Crazy Yiuf
  2562 | D:3      | Reached skill level 4 in Translocations
  2703 | D:3      | Found a transporter.
  2710 | D:3      | Found a transporter.
  2737 | D:3      | Noticed Sigmund
  2745 | D:3      | Killed Sigmund
  2746 | D:3      | Reached skill level 4 in Long Blades
  2746 | D:3      | Reached XP level 6. HP: 39/44 MP: 9/11
  2852 | D:3      | Reached XP level 7. HP: 26/50 MP: 12/12
  3822 | D:4      | Reached skill level 5 in Long Blades
  3873 | D:4      | Noticed Robin
  3892 | D:4      | Killed Robin
  4297 | D:4      | Reached skill level 5 in Translocations
  4333 | D:5      | Entered Level 5 of the Dungeon
  4495 | D:5      | Noticed a water moccasin
  4518 | D:5      | Slain by a water moccasin

Illustrated notes

Levels and vault maps discovered:
D:1:      dpeg_arrival_ratfight, layout_loops_ring, minmay_domino_2
D:2:      layout_basic, nicolae_eternal_life, minivault_23,
          kennysheep_generic_room_5, uniq_crazy_yiuf_cottage
D:3:      gammafunk_wand_slinger, layout_loops_ring, uniq_sigmund
D:4:      layout_basic, minmay_quantized, uniq_robin
D:5:      layout_basic, temple_fountains, grunt_ministairs_9

Skill      XL: |  1  2  3  4  5  6  7 |
---------------+----------------------+-----
Translocations | 3 4 5 |  5.0
Long Blades    | 3 4 5 |  5.1
Spellcasting   | 3 |  3.9
Fighting       | |  2.1
Throwing       | |  1.0
Armour         | |  1.1
Dodging        | |  1.7

Action                     |  1- 3 |  4- 6 |  7- 9 || total
---------------------------+-------+-------+-------++-------
  Melee: Falchion          |   131 |   140 |   118 ||   389
         Hand axe          |       |     5 |    14 ||    19
         Dagger            |       |       |    43 ||    43
  Throw: Dart              |       |     6 |     4 ||    10
    Use: Scroll            |       |     5 |     1 ||     6
         Potion            |       |     1 |     1 ||     2
   Stab: Sleeping          |       |     1 |       ||     1
 Armour: Leather armour    |    79 |    79 |   115 ||   273
         Skin              |       |     4 |       ||     4
  Dodge: Dodged            |    74 |    78 |    91 ||   243

Table legend: (Time is in decaauts)
 A = Elapsed time spent in this place.
 B = Non-inter-level travel time spent in this place.
 C = Inter-level travel time spent in this place.
 D = Time resting spent in this place.
 E = Time spent auto-exploring this place.
 F = Levels seen in this place.
 G = Mean time per level.
                   A        B        C        D        E       F      G
               +--------+--------+--------+--------+--------+-----+--------+
         Total |   4560 |   4421 |    139 |    862 |   2543 |   5 |  912.0 |
       Dungeon |   4560 |   4421 |    139 |    862 |   2543 |   5 |  912.0 |
               +--------+--------+--------+--------+--------+-----+--------+

Top non-repeatable levels by time:
     D:2: 1398 daAuts
     D:4: 1132 daAuts
     D:3: 1016 daAuts
     D:1: 827 daAuts
     D:5: 185 daAuts
